Cogmind - Beta 13 @@@ ROGUE MODE // 2024.03.22 @ 17:46:20 Player: f_ Result: Destroyed by Y-45 Defender with Beam Rifle Performance ------------- Evolutions (2) 1000 Regions Visited (7) 1400 Robots Destroyed (70) 350 Value Destroyed (2094) 2094 Prototype IDs (7) 140 Alien Tech Used (0) 0 Bonus (474) 474 TOTAL SCORE: 5458 Bonus ------- High Alert Combat Kills 274 Entered Garrisons 200 Cogmind --------- Core Integrity 0/550 Matter 121/300 Energy 40/100 System Corruption 12% Temperature Cool (9) Movement Rolling (95) Ox1 Location -8/Materials Parts ------- > --- POWER (1) -------- (None) > --- PROPULSION (3) --- Light Treads Wheel > --- UTILITY (5) ------ Improved Heat Sink Advanced Heat Sink Medium Storage Unit Melee Analysis Suite Improved Utility Shielding > --- WEAPON (2) ------- Enhanced Autogun Power Maul > --- INVENTORY (10) --- Advanced Weight Redist. System Light Armor Plating Relay Coupler [NC] (38) Relay Coupler [NC] (38) Relay Coupler [Sentry] (32) Heavy Laser Improved EM Pulse Cannon Gauss Cannon Remote Datajack Power Maul Peak State ------------ > --- POWER ------------ Improved Ion Engine > --- PROPULSION ------- Carbon-fiber Leg Carbon-fiber Leg Aerolev Unit > --- UTILITY ---------- Small Storage Unit Advanced Weight Redist. System Hardened Light Armor Plating Bomb Drone Bay > --- WEAPON ----------- Advanced Beam Rifle Great Maul > --- INVENTORY -------- Light Angular Momentum Engine Heat Sink Improved Light Armor Plating EM Pulse Gun Advanced Beam Cannon Advanced Beam Cannon Assault Cannon Heavy Hammer [Rating: 41] Favorites ----------- Power Light Ion Engine Engine Light Ion Engine Power Core Light Nuclear Core Propulsion Carbon-fiber Leg Treads Light Treads Leg Carbon-fiber Leg Wheel Wheel Hover Unit Aerolev Unit Utility Small Storage Unit Device Advanced Weight Redist. System Storage Small Storage Unit Processor Melee Analysis Suite Protection Improved Utility Shielding Weapon Great Maul Energy Gun EM Pulse Gun Energy Cannon Improved EM Pulse Cannon Ballistic Gun Enhanced Autogun Launcher Rocket Launcher Special Weapon Remote Datajack Impact Weapon Great Maul Slashing Weapon Axe Special Melee Weapon Datajack Build | -11 -10 -10 -10 -9 -8 -8 -8 ------- Run | Yrd Mat Min Exi Min Mat Gar Mat Slots Evolved 4 | . . . . . 4 . . Power . | . . . . . . . . Propulsion 1 | . . . . . 1 . . Utility 3 | . . . . . 3 . . Weapon . | . . . . . . . . Parts Attached 107 | 6 2 . . 1 66 26 6 Power 6 | 1 . . . . 4 1 . Engine 4 | 1 . . . . 3 . . Core 2 | . . . . . 1 1 . Reactor . | . . . . . . . . Propulsion 18 | 2 . . . . 12 3 1 Treads 1 | . . . . . . 1 . Leg 13 | . . . . . 11 2 . Wheel 3 | 2 . . . . . . 1 Hover 1 | . . . . . 1 . . Flight . | . . . . . . . . Utility 30 | 1 1 . . . 22 6 . Device 16 | . 1 . . . 10 5 . Storage 2 | 1 . . . . 1 . . Processor 2 | . . . . . 2 . . Hackware . | . . . . . . . . Protection 10 | . . . . . 9 1 . Artifact . | . . . . . . . . Weapon 53 | 2 1 . . 1 28 16 5 Energy Gun 10 | . 1 . . . 9 . . Energy Cannon 10 | . . . . . 3 7 . Ballistic Gun 5 | 2 . . . . 1 1 1 Ballistic Cannon . | . . . . . . . . Launcher 1 | . . . . . . 1 . Special Weapon 1 | . . . . . . . 1 Impact Weapon 18 | . . . . 1 11 3 3 Slashing Weapon 6 | . . . . . 3 3 . Piercing Weapon . | . . . . . . . . Special Melee Weapon 2 | . . . . . 1 1 . Unidentified Prototypes 5 | . . . . . 5 . . Parts Lost 17 | . . . . . 7 10 . Power 2 | . . . . . . 2 . Propulsion 6 | . . . . . 3 3 . Utility 4 | . . . . . 3 1 . Weapon 5 | . . . . . 1 4 . Highest Loss Streak 4 | . . . . . 3 4 . To Critical Strikes . | . . . . . . . . Average Slot Usage (%) 88 | . 86 100 100 100 87 87 73 Engine 7 | . 14 14 14 14 8 2 . Treads 1 | . . . . . . 3 9 Leg 13 | . . . . . 17 17 . Wheel 6 | . 28 28 28 28 3 . 1 Device 15 | . 1 14 14 14 13 18 18 Storage 9 | . 14 14 14 14 9 9 9 Processor 5 | . . . . . 4 9 9 Protection 8 | . . . . . 11 9 9 Energy Gun 4 | . 14 14 14 14 3 . . Energy Cannon 1 | . . . . . . 3 3 Ballistic Gun 3 | . 14 14 14 8 . 3 6 Impact Weapon 6 | . . . . 5 10 4 6 Slashing Weapon 2 | . . . . . 2 3 . Naked Turns . | . . . . . . . . Heaviest Build 41 | 10 12 12 12 14 35 41 21 Greatest Support 63 | 26 26 26 26 26 54 63 20 Greatest Overweight (x) 1 | . . . . . 1 1 1 Average Overweight (x) . | . . . . . . . . Largest Inventory Capacity 10 | 8 8 8 8 8 10 10 10 Average Capacity 8 | 6 8 8 8 8 8 10 10 Most Carried 10 | 5 2 2 5 8 10 10 10 Average Carried 7 | 1 1 1 4 6 7 9 9 Final Capacity 10 | 8 8 8 8 8 10 10 10 Final Carried 10 | 1 1 2 5 7 10 9 10 Class Distribution -------------------- 58% | Mutant 20% | Gladiator 13% | Scavenger-Mutant 7% | Scavenger-Gladiator Dominant Class ---------------- Mutant | -10/Materials Mutant | -10/Mines Mutant | -10/Exiles Mutant | -9/Mines Mutant | -8/Materials Gladiator | -8/Garrison Gladiator | -8/Materials Resources | -11 -10 -10 -10 -9 -8 -8 -8 ----------- Run | Yrd Mat Min Exi Min Mat Gar Mat Matter Collected 1350 | 222 52 11 . 10 723 317 15 Remotely . | . . . . . . . . Salvage Created 2501 | . 69 21 . 25 1737 544 105 Parts 78 | . 1 2 . 3 48 20 4 Haulers Intercepted 3 | . . . . . 3 . . Recyclers Shooed 2 | . . . . . 1 . 1 Parts Field Recycled . | . . . . . . . . Retrieved Matter . | . . . . . . . . Parts Self-Destructed . | . . . . . . . . Prevented . | . . . . . . . . Kills | -11 -10 -10 -10 -9 -8 -8 -8 ------- Run | Yrd Mat Min Exi Min Mat Gar Mat Combat Hostiles Destroyed 43 | . . . . . 25 16 2 Melee 20 | . . . . . 12 7 1 Guns 2 | . . . . . . 2 . Cannons 2 | . . . . . . 2 . AOE 4 | . . . . . . 4 . Classes Destroyed 12 | . 1 1 . . 8 2 . Worker 7 | . . 1 . 1 4 . 1 Builder 7 | . . . . . 7 . . Tunneler 2 | . . . . . 2 . . Hauler 3 | . . . . . 3 . . Recycler 2 | . 1 . . . 1 . . Operator 3 | . . . . . 3 . . Watcher 3 | . . . . . 3 . . Swarmer 5 | . . . . . 1 4 . Grunt 24 | . . . . . 18 4 2 Duelist 1 | . . . . . . 1 . Sentry 10 | . . . . . 6 4 . Programmer 3 | . . . . . . 3 . Best Kill Streak 7 | . 1 1 . 1 7 4 2 Combat Bots Only 4 | . . . . . 3 4 2 Max Kills in Single Turn 2 | . 1 1 . 1 1 2 1 Gunslinging . | . . . . . . . . Exploded 2 | . . . . . . 2 . Melee 1 | . . . . . 1 1 1 Uniques/NPCs Destroyed . | . . . . . . . . Combat | -11 -10 -10 -10 -9 -8 -8 -8 -------- Run | Yrd Mat Min Exi Min Mat Gar Mat Hostile Shots Fired 259 | . . . . . 133 120 6 Missed 63 | . . . . . 35 27 1 Damage Taken 3346 | . . . . . 1905 1368 73 Core 563 | . . . . . 258 291 14 Absorbed by Shields 112 | . . . . . . 112 . Redirected to Shielding 93 | . . . . . 5 80 8 Ignored by Resistances 60 | . . . . . 40 20 . Core Remaining (%) 100 | 100 . . . 100 . . . Volleys Fired 73 | . 5 1 . . 30 30 7 Largest 2 | . 2 1 . . 2 2 1 Hottest 138 | . 60 40 . . 101 138 25 Shots Fired 93 | . 10 1 . . 38 36 8 Gun 61 | . 10 1 . . 38 8 4 Cannon 21 | . . . . . . 21 . Launcher 7 | . . . . . . 7 . Special 4 | . . . . . . . 4 Kinetic 17 | . 5 . . . . 8 4 Thermal 11 | . . . . . 8 3 . Explosive 7 | . . . . . . 7 . Electromagnetic 54 | . 5 1 . . 30 18 . Robot Hit Streak 6 | . 3 1 . . 5 6 3 Robot Miss Streak 3 | . 1 . . . 3 3 2 Penetration Max . | . . . . . . . . Secondary Targets . | . . . . . . . . Shots Hit Robots 192 | . 6 1 . 1 121 55 8 Core Hits 42 | . 2 1 . 1 19 17 2 Critical Kills 3 | . . . . 1 . 1 1 Critical Parts Destroyed 24 | . . . . . 18 5 1 Critical Strikes 31 | . . . . 1 21 7 2 Corrupt 1 | . . . . . 1 . . Smash 28 | . . . . 1 18 7 2 Sever 2 | . . . . . 2 . . Melee Attacks 239 | . . . . 1 156 78 4 Impact 189 | . . . . 1 125 59 4 Slashing 43 | . . . . . 26 17 . Piercing . | . . . . . . . . Sneak Attacks 24 | . . . . 1 23 . . Combat Hostiles . | . . . . . . . . Follow-up Attacks 13 | . . . . . 9 4 . Damage Inflicted 7664 | . 61 13 . 111 5050 2199 230 Guns 589 | . 61 13 . . 338 105 72 Cannons 204 | . . . . . . 204 . Explosions 446 | . . . . . 47 399 . Melee 6425 | . . . . 111 4665 1491 158 Ramming . | . . . . . . . . Kinetic 201 | . 24 . . . . 105 72 Thermal 146 | . . . . . 146 . . Explosive 399 | . . . . . . 399 . Electromagnetic 493 | . 37 13 . . 239 204 . Impact 5236 | . . . . 111 3733 1234 158 Slashing 1189 | . . . . . 932 257 . Piercing . | . . . . . . . . Highest Corruption 12 | . . . . . 8 12 12 Average Corruption 8 | . . . . . 7 10 12 Corruption Purged . | . . . . . . . . Corruption Blocked . | . . . . . . . . Effects 102 | . . . . . 49 46 7 Message Errors 27 | . . . . . 11 15 1 Matter Fused 21 | . . . . . 11 8 2 Heat Flow Errors 12 | . . . . . 9 3 . Energy Discharges 14 | . . . . . 5 7 2 Data Loss (minor) 17 | . . . . . 9 7 1 Data Loss (major) 4 | . . . . . 1 3 . Misfires 2 | . . . . . 1 . 1 Alerts 4 | . . . . . 2 2 . Weapon Failures 1 | . . . . . . 1 . Overload Shots . | . . . . . . . . Overflow Damage 2152 | . . . . . 1632 454 66 Projectiles 1 | . . . . . 1 . . Explosions 83 | . . . . . . 83 . Melee 2068 | . . . . . 1631 371 66 Knockbacks 21 | . . . . . 21 . . Impact 20 | . . . . . 20 . . Kinetic . | . . . . . . . . Secondary 1 | . . . . . 1 . . Self-Inflicted Damage 164 | . . . . . . 164 . Shots 5 | . . . . . . 5 . Rammed . | . . . . . . . . Targets Rammed . | . . . . . . . . Kicked . | . . . . . . . . Crushed . | . . . . . . . . Highest Temperature 354 | . 40 . . . 354 190 . Average Temperature 85 | . 22 . . . 106 38 . Received Heat Transfer 1104 | . . . . . 804 255 45 Effects 2 | . . . . . 2 . . Energy Bleed 1 | . . . . . 1 . . Short Circuit 1 | . . . . . 1 . . Siege Activations . | . . . . . . . . Robots Corrupted 3 | . . . . . 3 . . Combat Hostiles 1 | . . . . . 1 . . Parts Fried 48 | . . . . . 43 5 . Impact Corruptions 85 | . . . . . 66 17 2 Robots Melted . | . . . . . . . . Combat Hostiles . | . . . . . . . . Parts Melted . | . . . . . . . . Heat Transferred 235 | . . . . . 235 . . Parts Sabotaged . | . . . . . . . . Parts Stolen . | . . . . . . . . Parts Stripped . | . . . . . . . . Power Chain Reactions 1 | . . . . . 1 . . Alert | -11 -10 -10 -10 -9 -8 -8 -8 ------- Run | Yrd Mat Min Exi Min Mat Gar Mat Peak Influence 948 | . 9 8 . 5 622 948 522 Initial 462 | . . 3 . . 1 367 462 Average 426 | . 5 8 . 1 380 638 469 Maximum Alert Level 3 | . . . . . 2 3 2 Low Security (%) 14 | 100 100 100 . 100 6 . . Level 1 30 | . . . . . 52 5 . Level 2 47 | . . . . . 40 68 100 Level 3 8 | . . . . . . 26 . Level 4 . | . . . . . . . . Level 5 . | . . . . . . . . High Security . | . . . . . . . . Max Security . | . . . . . . . . Squads Dispatched 6 | . 1 . . . 5 . . Investigation 2 | . . . . . 2 . . Extermination . | . . . . . . . . Reinforcement 2 | . 1 . . . 1 . . Assault 1 | . . . . . 1 . . Garrison 1 | . . . . . 1 . . Intercept . | . . . . . . . . Searches Triggered . | . . . . . . . . Construction Impeded . | . . . . . . . . Haulers Reinforced . | . . . . . . . . Active Scanning Responses . | . . . . . . . . Cargo Convoy Interrupts . | . . . . . . . . Stealth | -11 -10 -10 -10 -9 -8 -8 -8 --------- Run | Yrd Mat Min Exi Min Mat Gar Mat Distress Signals 1 | . . . . . 1 . . Communications Jammed . | . . . . . . . . Distress Signals . | . . . . . . . . Times Spotted 75 | . . . . . 54 17 4 Peak Tracking Total 5 | . . . . . 5 4 4 Tactical Retreats 10 | . . . . . 8 2 . Traps | -11 -10 -10 -10 -9 -8 -8 -8 ------- Run | Yrd Mat Min Exi Min Mat Gar Mat Traps Triggered 6 | . . . . . 6 . . Indirectly . | . . . . . . . . Trap Hack Attempts . | . . . . . . . . Triggered . | . . . . . . . . Disarmed . | . . . . . . . . Reprogrammed . | . . . . . . . . Reused . | . . . . . . . . Traps Extracted . | . . . . . . . . Installed . | . . . . . . . . Triggered . | . . . . . . . . Machines | -11 -10 -10 -10 -9 -8 -8 -8 ---------- Run | Yrd Mat Min Exi Min Mat Gar Mat Machines Disabled 3 | . . . . . 2 1 . Max in Single Turn 2 | . . . . . 2 1 . Machines Repaired . | . . . . . . . . Machines Dismantled . | . . . . . . . . Machines Sabotaged . | . . . . . . . . Overloaded Fab Kills . | . . . . . . . . Hacking | -11 -10 -10 -10 -9 -8 -8 -8 --------- Run | Yrd Mat Min Exi Min Mat Gar Mat Machines Accessed 14 | . 2 . . 1 9 2 . Terminals 10 | . 2 . . . 6 2 . Fabricators . | . . . . . . . . Repair Stations . | . . . . . . . . Recycling Units 1 | . . . . . 1 . . Scanalyzers 1 | . . . . . 1 . . Garrison Access 1 | . . . . . 1 . . Total Hacks 34 | . 6 . . 1 22 5 . Successful 18 | . 4 . . 1 12 1 . Failed 16 | . 2 . . . 10 4 . Catastrophic 3 | . . . . . 2 1 . Database Lockouts . | . . . . . . . . Manual . | . . . . . . . . Terminals 26 | . 6 . . . 15 5 . Fabricators . | . . . . . . . . Repair Stations . | . . . . . . . . Recycling Units 2 | . . . . . 2 . . Scanalyzers 4 | . . . . . 4 . . Garrison Access 1 | . . . . . 1 . . Terminal Hacks 12 | . 4 . . 1 6 1 . Prototype ID Bank 1 | . 1 . . . . . . Open Door 1 | . . . . 1 . . . Emergency Access Points 1 | . . . . . 1 . . Terminal Index 1 | . . . . . 1 . . Alert Level 2 | . 1 . . . 1 . . Locate Traps 1 | . 1 . . . . . . Dispatch Records 1 | . . . . . 1 . . Maintenance Status 1 | . 1 . . . . . . Patrol Status 1 | . . . . . 1 . . Registered Components 1 | . . . . . 1 . . Garrison Registry 1 | . . . . . . 1 . Fabricator Hacks . | . . . . . . . . Repair Station Hacks . | . . . . . . . . Recycling Unit Hacks 2 | . . . . . 2 . . Report Inventory 1 | . . . . . 1 . . Retrieve Components 1 | . . . . . 1 . . Scanalyzer 3 | . . . . . 3 . . Insert Component 2 | . . . . . 2 . . Analyze 1 | . . . . . 1 . . Garrison Access Hacks 1 | . . . . . 1 . . Unlock Access 1 | . . . . . 1 . . Unauthorized Hacks . | . . . . . . . . Terminals . | . . . . . . . . Fabricators . | . . . . . . . . Repair Stations . | . . . . . . . . Recycling Units . | . . . . . . . . Scanalyzers . | . . . . . . . . Garrison Access . | . . . . . . . . Data Cores Recovered . | . . . . . . . . Used . | . . . . . . . . Hacking Detections 10 | . 2 . . . 6 2 . Full Trace Events 3 | . . . . . 2 1 . Feedback Events . | . . . . . . . . Feedback Blocked . | . . . . . . . . Robot Schematics Acquired . | . . . . . . . . Robots Built . | . . . . . . . . Authchips . | . . . . . . . . Time . | . . . . . . . . Total Robot Build Rating . | . . . . . . . . Part Schematics Acquired 1 | . . . . . 1 . . Parts Built . | . . . . . . . . Authchips . | . . . . . . . . Time . | . . . . . . . . Total Part Build Rating . | . . . . . . . . Parts Repaired . | . . . . . . . . Time . | . . . . . . . . Parts Recycled . | . . . . . . . . Recycled Matter . | . . . . . . . . Retrieved Matter . | . . . . . . . . Retrieved Components 3 | . . . . . 3 . . Parts Scanalyzed 1 | . . . . . 1 . . Part Schematics Acquired 1 | . . . . . 1 . . Parts Damaged . | . . . . . . . . Bothacking | -11 -10 -10 -10 -9 -8 -8 -8 ------------ Run | Yrd Mat Min Exi Min Mat Gar Mat Used RIF Installer . | . . . . . . . . Robots Hacked 3 | . . . . . 2 . 1 Non-combat 3 | . . . . . 2 . 1 Combat . | . . . . . . . . Robot Hacks Applied 3 | . . . . . 2 . 1 no_distress 2 | . . . . . 1 . 1 find_recycling 1 | . . . . . 1 . . Relay Couplers Released . | . . . . . . . . Fabnet Peak Effective % . | . . . . . . . . Robots Rewired . | . . . . . . . . Allies Hacked . | . . . . . . . . Hacks Repelled . | . . . . . . . . Allies | -11 -10 -10 -10 -9 -8 -8 -8 -------- Run | Yrd Mat Min Exi Min Mat Gar Mat Total Allies . | . . . . . . . . Largest Group . | . . . . . . . . Highest-Rated Group . | . . . . . . . . Highest-Rated Ally . | . . . . . . . . Total Orders . | . . . . . . . . Ally Attacks . | . . . . . . . . Total Damage . | . . . . . . . . Kills . | . . . . . . . . Allies Corrupted . | . . . . . . . . Allies Melted . | . . . . . . . . Intel | -11 -10 -10 -10 -9 -8 -8 -8 ------- Run | Yrd Mat Min Exi Min Mat Gar Mat Robot Analysis Total . | . . . . . . . . Derelict Logs Recovered 1 | . . 1 . . . . . Drone Launches . | . . . . . . . . Drone Recoveries . | . . . . . . . . Exploration | -11 -10 -10 -10 -9 -8 -8 -8 ------------- Run | Yrd Mat Min Exi Min Mat Gar Mat Turns Passed 4234 | 37 91 65 327 210 2138 1234 132 Spaces Moved 2445 | 35 82 58 357 225 1119 521 48 Core 18 | 18 . . . . . . . Treads 223 | . . . . . . 178 45 Legs 1239 | . . . . . 896 343 . Wheels 962 | 17 82 58 357 225 220 . 3 Hover 3 | . . . . . 3 . . Flight . | . . . . . . . . Fastest Speed 50 | 50 90 90 90 90 90 120 95 Average Speed 123 | 69 90 90 90 90 125 164 190 Slowest Speed 240 | 90 90 90 90 90 190 240 240 Overloaded Moves . | . . . . . . . . Propulsion Burnouts . | . . . . . . . . Robots Hopped . | . . . . . . . . Cave-ins Triggered 1 | . . . . . 1 . . Exploration Rate (%) 36 | 3 21 22 78 49 59 59 4 Regions Visited 7 Branch Regions 3 Pre-discovered Areas . | . . . . . . . . Known Exits Taken 1 | . . . . . 1 . . Unknown Exits Taken 5 | 1 1 1 1 1 . . . Scrap Searched 1 | . . . . 1 . . . Spaces Dug 51 | . . . . . 29 22 . Terrain Destroyed 90 | . . . . . 51 39 . Melee 46 | . . . . . 29 17 . Projectile . | . . . . . . . . AOE 44 | . . . . . 22 22 . Terrain Rammed . | . . . . . . . . Walls Destroyed . | . . . . . . . . Machines Disabled . | . . . . . . . . Actions | -11 -10 -10 -10 -9 -8 -8 -8 --------- Run | Yrd Mat Min Exi Min Mat Gar Mat Total 3141 | 47 89 69 362 231 1538 730 75 Wait 201 | . . 10 . . 106 79 6 Move 2438 | 34 81 57 356 224 1118 520 48 Hop . | . . . . . . . . Pick Up 62 | 7 1 1 3 3 37 8 2 Fast Attach 18 | . . . . . 14 2 2 Attach 27 | 6 1 . . . 13 7 . Detach . | . . . . . . . . Swap 62 | . 1 . . 1 39 17 4 Drop 45 | . . . . 2 38 3 2 Fire 73 | . 5 1 . . 30 30 7 Melee 211 | . . . . 1 142 64 4 Ram . | . . . . . . . . Kick . | . . . . . . . . Crush . | . . . . . . . . Escape Stasis 1 | . . . . . 1 . . Rewire 3 | . . . 3 . . . . Trap . | . . . . . . . . Miscellaneous . | . . . . . . . . Route ------- -11/Scrapyard -10/Materials -10/Mines -10/Exiles -9/Mines -8/Materials (discovered 2 exits: [*Fac] / Gar) -8/Garrison (discovered 4 exits: [*Mat x4]) -8/Materials History --------- Turn | Location | Event 13 | -11/Scrapyard | Discovered new exit (range 16) 38 | -11/Scrapyard | Entered Materials 119 | -10/Materials | Discovered new exit (range 9) 120 | -10/Materials | Met 8R-AWN 129 | -10/Materials | Entered Mines 131 | -10/Mines | Followed 8R-AWN into the Mines 142 | -10/Mines | Learned Materials stockpile data 190 | -10/Mines | Discovered new exit (range 5) 194 | -10/Mines | Entered Exiles 221 | -10/Exiles | Welcomed by 8R-AWN 235 | -10/Exiles | Met EX-HEX 292 | -10/Exiles | Met EX-DEC 306 | -10/Exiles | Build established: Mutant 362 | -10/Exiles | Visited The Gauntlet 510 | -10/Exiles | Discovered new exit (range 14) 521 | -10/Exiles | Entered Mines 530 | -9/Mines | Found the Drone Emporium 535 | -9/Mines | Found Prototype Device 600 | -9/Mines | Discovered new exit (range 10) 731 | -9/Mines | Entered Materials 731 | -8/Materials | Evolved 4 slots: Propulsion x1, Utility x3 731 | -8/Materials | Identified Bomb Drone Bay 1504 | -8/Materials | Crushed by falling debris 1535 | -8/Materials | Lost 3 parts (2n1w) 1914 | -8/Materials | Discovered new exit (range 8) 2175 | -8/Materials | Garrison activated, responded to threat 2731 | -8/Materials | First assault squad dispatched 2869 | -8/Materials | Identified exit to Garrison 2869 | -8/Materials | Entered Garrison 2910 | -8/Garrison | Triggered checkpoint 2916 | -8/Garrison | Core integrity fell below 50% 2967 | -8/Garrison | Build established: Gladiator 3049 | -8/Garrison | Discovered new exit (range 71) 3049 | -8/Garrison | Discovered new exit (range 61) 3049 | -8/Garrison | Discovered new exit (range 45) 3049 | -8/Garrison | Discovered new exit (range 37) 3330 | -8/Garrison | Triggered checkpoint 3358 | -8/Garrison | Triggered checkpoint 3479 | -8/Garrison | System corruption reached 10% 3552 | -8/Garrison | Lost 4 parts (1p2n1w) 3613 | -8/Garrison | Core integrity fell below 20% 3928 | -8/Garrison | Triggered checkpoint 4103 | -8/Garrison | Entered Materials 4235 | -8/Materials | Destroyed by Y-45 Defender with Beam Rifle Last Messages --------------- 04225_ K-01 Serf collects debris. 04225_ G-47 Trooper suffers critical hit (Smash). 04225_ Destroyed Imp. Heat Sink. 04225_ G-47 Trooper system corrupted by crushing effect. 04227_ G-47 Trooper misfires. 04228_ K-01 Serf collects debris. 04228_ G-47 Trooper suffers critical hit (Smash). 04228_ G-47 Trooper destroyed. 04231_ K-01 Serf collects debris. 04231_ Destroyed Aluminum Leg. 04231_ G-47 Trooper system corrupted by crushing effect. 04232_ System corrupted: FCS attempts to trigger Enh. Autogun. 04232_ System corrupted: Enh. Autogun misfires. 04232_ G-47 Trooper system terminally corrupted. 04233_ K-01 Serf collects debris. Map ----- +----------------------------------------------------+ | ?????????????????????????????????????????????????? | | ?????????????????????????????????????????????????? | | ?????????????????????????????????????????????????? | | ?????????????????????????????????????????????????? | | ?????????????????????????????????????????????????? | | ?????????????????????????????????????????????????? | | ????????????#####????????????????????????????????? | | ????????????# #????????????????????????????????? | | ????????????# #????????????????????????????????? | | ????????????# #????????????????????????????????? | | ????????????+ +????????????????????????????????? | | ????????????# #????????????????????????????????? | | ????????????# #????????????????????????????????? | | ????????????# #????????????????????????????????? | | ????????????# #????????????????????????????????? | | ????????????# #######??????????????????????????? | | ????????????# ## #??????????????????????????? | | ????????????# ## #??????????????????????????? | | ????????????# ## #??????????????????????????? | | ????????????# ## #??????????????????????????? | | ???????????## ## ########???????????????????? | | ???????????# ###+### #???????????????????? | | ???????????# kk #???????????????????? | | ???????????# r + =! ????????????? | | ???????????# = k# = ????????????? | | ???????????# ####### @%= #???????????????????? | | ???????????# ##????###Y###???????????????????? | | ???????????# #??????# #?????????????????????? | | ???????????# [[ ]#??????# #?????????????????????? | | ???????????#//[[]]#??????# #?????????????????????? | | ???????????########??????# #?????????????????????? | | ?????????????????????????# #?????????????????????? | | ?????????????????????????? #?????????????????????? | | ?????????????????????????? #?????????????????????? | | ?????????????????????????? #?????????????????????? | | ?????????????????????????? ??????????????????????? | | ??????????????????????????/??????????????????????? | | ?????????????????????????? ??????????????????????? | | ?????????????????????????? ??????????????????????? | | ?????????????????????????????????????????????????? | | ?????????????????????????????????????????????????? | | ?????????????????????????????????????????????????? | | ?????????????????????????????????????????????????? | | ?????????????????????????????????????????????????? | | ?????????????????????????????????????????????????? | | ?????????????????????????????????????????????????? | | ?????????????????????????????????????????????????? | | ?????????????????????????????????????????????????? | | ?????????????????????????????????????????????????? | | ?????????????????????????????????????????????????? | +----------------------------------------------------+ Best States ------------- Heat Dissipation 64 Energy Generation 18 Energy Capacity 275 Matter Stores 300 Matter Capacity 300 Sight Range 16 Terrain Scan Density 10 Additional Mass Support 9 Armor Coverage 300 Resistance: TH 10 Utility Shielding 66 Evasion (%) 55 Melee Accuracy 5 Recoil Reduction 1 Particle Charging 15 Item Schematics ----------------- Datajack | -8/Materials | Scanalyzed Robot Schematics ------------------ None Fabricated ------------ Nothing Alien Tech Used ----------------- None Achievements -------------- Part-time Excavator Challenges ------------ None Game ------ Seed ThiefFluxSlayer Manual? 0 Play Time 01:59:39 Cumulative 26.4 hours Start 2024.03.22 @ 04:21:34 End 2024.03.22 @ 17:46:20 Sessions 3 Manual Loads 0 Difficulty Rogue Special Mode None Game No. 18 Rogue 16 Adventurer 0 Explorer 2 Win Type - Total 0 Types 0/0/0/0/0/0/0/0/0 Lore% 8 Gallery% 19 Achievement% 15 Wizard Run 0 Options --------- Layout 1 ASCII 0 Keyboard 0 Movement Mouse Keybinds 0 Fullscreen 2 Font 48/Terminus Map View 50x35 Zoom Use 0% Tactical HUD 1 Map Filters NONE Filters NONE Steam 1 RUN: 48748938-a118-4183-842f-3f88651cb870